TOP OF THE 1ST |
Madison Brewers batting - Pitching for Portland Angels : RHP Steffan Sellevold
|
Pitching: RHP Steffan Sellevold
|
|
Batting: RHB Ben Follett
|
0-0: Ball 1-0: DOUBLE (Flyball, 8RXD, EV 90.0 MPH)
|
Batting: LHB Jackson Wither
|
0-0: Ball 1-0: Foul Ball, location: 2F 1-1: Ball 2-1: Foul Ball, location: 2F 2-2: Strikes out looking
|
Batting: LHB Bill Kovac
|
0-0: Called Strike 0-1: Foul Ball, location: 2F 0-2: Fly out, F9 (Line Drive, 9D, EV 88.8 MPH) Runner from 2nd tags up, SAFE at 3rd, no throw by RF
|
Batting: RHB Jelani Griffin
|
0-0: Ball 1-0: Ball 2-0: Called Strike 2-1: Ball 3-1: Base on Balls
|
Batting: RHB Cory Taylor
|
0-0: 3-RUN HOME RUN (Flyball, 78XD, EV 99.4 MPH), Distance : 409 ft
|
Batting: RHB Patrick Foote
|
0-0: Called Strike 0-1: Fly out, F7 (Flyball, 7S, EV 95.6 MPH)
|
Top of the 1st over - 3 runs, 2 hits, 0 errors, 0 left on base; Madison 3 - Portland 0 |
BOTTOM OF THE 1ST |
Portland Angels batting - Pitching for Madison Brewers : LHP Joel Congleton
|
Pitching: LHP Joel Congleton
|
|
Batting: RHB Ken Beck
|
0-0: Foul Ball, location: 2F 0-1: Ball 1-1: SINGLE (Groundball, 5S, EV 63.8 MPH) (infield hit)
|
Batting: RHB Jayden Hollaway
|
0-0: Grounds into double play, 5-4-3 (Groundball, 56, EV 93.8 MPH)
|
Batting: RHB Alex Rosaly
|
0-0: Fly out, F9 (Flyball, 9LM, EV 83.8 MPH)
|
Bottom of the 1st over - 0 runs, 1 hit, 0 errors, 0 left on base; Madison 3 - Portland 0 |
TOP OF THE 2ND |
Madison Brewers batting - Pitching for Portland Angels : RHP Steffan Sellevold
|
Batting: LHB Danny Roberts
|
0-0: Ball 1-0: Called Strike 1-1: SINGLE (Groundball, 6M, EV 97.5 MPH)
|
Batting: RHB Dave Guevara
|
0-0: Ball 1-0: Fly out, F4 (Popup, 3D, EV 59.4 MPH)
|
Batting: LHB Andy Underwood
|
0-0: Foul Ball, location: 2F 0-1: Ball 1-1: Ball 2-1: Called Strike 2-2: Foul Ball, location: 2F 2-2: Foul Ball, location: 2F 2-2: Strikes out swinging
|
Batting: RHB Ben Follett
|
0-0: Ball 1-0: Ball 2-0: Ball 3-0: Called Strike 3-1: Base on Balls Danny Roberts to second
|
Batting: LHB Jackson Wither
|
0-0: Ball 1-0: Foul Ball, location: 2F 1-1: Called Strike 1-2: Strikes out swinging
|
Top of the 2nd over - 0 runs, 1 hit, 0 errors, 2 left on base; Madison 3 - Portland 0 |
BOTTOM OF THE 2ND |
Portland Angels batting - Pitching for Madison Brewers : LHP Joel Congleton
|
Batting: RHB Dan Contreras
|
0-0: Ball 1-0: Fly out, F4 (Popup, 4M, EV 70.6 MPH)
|
Batting: RHB Mario Martinez
|
0-0: Called Strike 0-1: Foul Ball, location: 2F 0-2: Strikes out looking
|
Batting: RHB Jose Garduno
|
0-0: Ball 1-0: SINGLE (Line Drive, 6M, EV 109.4 MPH)
|
Batting: RHB Bob Dewar
|
0-0: Ball 1-0: Reached on error, E5 (Groundball, 56S, EV 86.2 MPH) Jose Garduno to second
|
Batting: LHB John Harvey
|
0-0: Called Strike 0-1: Ground out U3 (Groundball, 3, EV 96.9 MPH)
|
Bottom of the 2nd over - 0 runs, 1 hit, 1 error, 2 left on base; Madison 3 - Portland 0 |
TOP OF THE 3RD |
Madison Brewers batting - Pitching for Portland Angels : RHP Steffan Sellevold
|
Batting: LHB Bill Kovac
|
0-0: Foul Ball, location: 2F 0-1: Foul Ball, location: 2F 0-2: Ball 1-2: Ball 2-2: SINGLE (Groundball, 6MD, EV 97.5 MPH) (infield hit)
|
Batting: RHB Jelani Griffin
|
0-0: Ball 1-0: Fly out, F9 (Flyball, 9D, EV 90.0 MPH)
|
Batting: RHB Cory Taylor
|
0-0: Ball 1-0: Foul Ball, location: 2F 1-1: Foul Ball, location: 2F 1-2: Ball 2-2: Ball 3-2: Strikes out swinging
|
Batting: RHB Patrick Foote
|
0-0: Ball 1-0: Called Strike 1-1: Fly out, F3 (Popup, 3SF, EV 75.0 MPH)
|
Top of the 3rd over - 0 runs, 1 hit, 0 errors, 1 left on base; Madison 3 - Portland 0 |
BOTTOM OF THE 3RD |
Portland Angels batting - Pitching for Madison Brewers : LHP Joel Congleton
|
Batting: LHB Matt Herndon
|
0-0: Fly out, F8 (Flyball, 89D, EV 86.9 MPH)
|
Batting: RHB Ken Beck
|
0-0: Ball 1-0: Ball 2-0: Called Strike 2-1: Called Strike 2-2: Ball 3-2: Strikes out looking
|
Batting: RHB Jayden Hollaway
|
0-0: Called Strike 0-1: Swinging Strike 0-2: SOLO HOME RUN (Line Drive, 78XD, EV 101.2 MPH), Distance : 378 ft
|
Batting: RHB Alex Rosaly
|
0-0: Called Strike 0-1: Swinging Strike 0-2: Ball 1-2: Foul Ball, location: 2F 1-2: Ball 2-2: Strikes out swinging
|
Bottom of the 3rd over - 1 run, 1 hit, 0 errors, 0 left on base; Madison 3 - Portland 1 |
TOP OF THE 4TH |
Madison Brewers batting - Pitching for Portland Angels : RHP Steffan Sellevold
|
Batting: LHB Danny Roberts
|
0-0: Called Strike 0-1: Fly out, F7 (Flyball, 7, EV 80.6 MPH)
|
Batting: RHB Dave Guevara
|
0-0: Called Strike 0-1: Ground out 6-3 (Groundball, 6, EV 90.0 MPH)
|
Batting: LHB Andy Underwood
|
0-0: Ball 1-0: Ball 2-0: Ball 3-0: Base on Balls
|
Batting: RHB Ben Follett
|
0-0: Ball 1-0: Foul Ball, location: 2F 1-1: Fielders Choice at 2nd, 6-4 (Groundball, 6, EV 106.2 MPH)
|
Top of the 4th over - 0 runs, 0 hits, 0 errors, 1 left on base; Madison 3 - Portland 1 |
BOTTOM OF THE 4TH |
Portland Angels batting - Pitching for Madison Brewers : LHP Joel Congleton
|
Batting: RHB Dan Contreras
|
0-0: Ball 1-0: Called Strike 1-1: Foul Ball, location: 2F 1-2: SINGLE (Line Drive, 6MD, EV 101.9 MPH)
|
Batting: RHB Mario Martinez
|
0-0: Ball 1-0: Ball 2-0: Ball 3-0: Called Strike 3-1: Foul Ball, location: 2F 3-2: Strikes out swinging
|
Batting: RHB Jose Garduno
|
0-0: Ball 1-0: Ball 2-0: Called Strike 2-1: Ball 3-1: Reached on error, E4 (Groundball, 34S, EV 81.2 MPH) Dan Contreras to second
|
Batting: RHB Bob Dewar
|
0-0: Ball 1-0: Ball 2-0: Foul Ball, location: 2F 2-1: Ball 3-1: Called Strike 3-2: Foul Ball, location: 2F 3-2: Strikes out swinging
|
Batting: LHB John Harvey
|
0-0: Foul Ball, location: 2F 0-1: Ground out 1-3 (Groundball, 15S, EV 66.9 MPH)
|
Bottom of the 4th over - 0 runs, 1 hit, 1 error, 2 left on base; Madison 3 - Portland 1 |
TOP OF THE 5TH |
Madison Brewers batting - Pitching for Portland Angels : RHP Steffan Sellevold
|
Batting: LHB Jackson Wither
|
0-0: Ball 1-0: Swinging Strike 1-1: Foul Ball, location: 2F 1-2: Ball 2-2: Foul Ball, location: 2F 2-2: Ball 3-2: Ground out U3 (Groundball, 3, EV 84.4 MPH)
|
Batting: LHB Bill Kovac
|
0-0: Called Strike 0-1: Called Strike 0-2: Foul Ball, location: 2F 0-2: Ball 1-2: Ball 2-2: Strikes out swinging, 2-3 out at first.
|
Pitching: LHP Benjie Dalaque
|
|
Batting: RHB Jelani Griffin
|
0-0: Called Strike 0-1: Called Strike 0-2: Foul Ball, location: 2F 0-2: Ball 1-2: SOLO HOME RUN (Flyball, 8LXD, EV 106.2 MPH), Distance : 438 ft
|
Batting: RHB Cory Taylor
|
0-0: Called Strike 0-1: Swinging Strike 0-2: Strikes out swinging
|
Top of the 5th over - 1 run, 1 hit, 0 errors, 0 left on base; Madison 4 - Portland 1 |
BOTTOM OF THE 5TH |
Portland Angels batting - Pitching for Madison Brewers : LHP Joel Congleton
|
Batting: LHB Matt Herndon
|
0-0: Ground out U3 (Groundball, 34S, EV 76.2 MPH)
|
Batting: RHB Ken Beck
|
0-0: Foul Ball, location: 2F 0-1: Called Strike 0-2: Ball 1-2: Strikes out swinging
|
Batting: RHB Jayden Hollaway
|
0-0: Ball 1-0: Ball 2-0: Swinging Strike 2-1: Swinging Strike 2-2: Strikes out swinging
|
Bottom of the 5th over - 0 runs, 0 hits, 0 errors, 0 left on base; Madison 4 - Portland 1 |
TOP OF THE 6TH |
Madison Brewers batting - Pitching for Portland Angels : LHP Benjie Dalaque
|
Batting: RHB Patrick Foote
|
0-0: SINGLE (Line Drive, 8RS, EV 96.9 MPH)
|
Batting: LHB Danny Roberts
|
0-0: Ball 1-0: Ball 2-0: Foul Ball, location: 2F 2-1: Foul Ball, location: 2F 2-2: Ball 3-2: Foul Ball, location: 2F 3-2: Foul Ball, location: 2F 3-2: Fly out, F9 (Flyball, 89D, EV 88.1 MPH)
|
Batting: RHB Dave Guevara
|
0-0: Ball 1-0: DOUBLE (Line Drive, 89M, EV 93.1 MPH) Patrick Foote to third
|
Pinch Hitting: RHB Ivan Rivera
|
0-0: Foul Ball, location: 2F 0-1: Swinging Strike 0-2: Ball 1-2: Ball 2-2: Ball 3-2: Foul Ball, location: 2F 3-2: SINGLE (Flyball, 4MD, EV 92.5 MPH) Patrick Foote scores Dave Guevara to third Throwing error, E8 Dave Guevara scores Ivan Rivera to second
|
Pitching: RHP Austin Reitz
|
|
Batting: RHB Ben Follett
|
0-0: Called Strike 0-1: Swinging Strike 0-2: Foul Ball, location: 2F 0-2: Fly out, F8 (Flyball, 78M, EV 91.2 MPH)
|
Batting: LHB Jackson Wither
|
0-0: Called Strike 0-1: Foul Ball, location: 2F 0-2: Ball 1-2: Ball 2-2: Ball 3-2: DOUBLE (Line Drive, 7LM, EV 105.6 MPH) Ivan Rivera scores
|
Batting: LHB Bill Kovac
|
0-0: Ball 1-0: Ball 2-0: Called Strike 2-1: Foul Ball, location: 2F 2-2: Fly out, F8 (Flyball, 8LM, EV 80.6 MPH)
|
Top of the 6th over - 3 runs, 4 hits, 1 error, 1 left on base; Madison 7 - Portland 1 |
BOTTOM OF THE 6TH |
Portland Angels batting - Pitching for Madison Brewers : LHP Joel Congleton
|
Now in CF: Sammar Wambugu
|
|
Batting: RHB Alex Rosaly
|
0-0: Reached on error, E5 (Groundball, 56S, EV 86.2 MPH)
|
Batting: RHB Dan Contreras
|
0-0: Ball 1-0: Foul Ball, location: 2F 1-1: Swinging Strike 1-2: Ball 2-2: Ball 3-2: Foul Ball, location: 2F 3-2: Foul Ball, location: 2F 3-2: SINGLE (Groundball, 15S, EV 67.5 MPH) (infield hit) Alex Rosaly to second
|
Pitching: RHP Rick Acevedo
|
|
Batting: RHB Mario Martinez
|
0-0: Called Strike 0-1: Called Strike 0-2: Strikes out swinging
|
Batting: RHB Jose Garduno
|
0-0: Ball 1-0: DOUBLE (Line Drive, 78D, EV 109.4 MPH) Alex Rosaly scores Dan Contreras to third Runner from 3rd tries for Home, SAFE, throw by CF to trailing runner, OUT at third! 8-3-5
|
Batting: RHB Bob Dewar
|
0-0: Foul Ball, location: 2F 0-1: Ball 1-1: Fly out, F9 (Flyball, 89S, EV 96.9 MPH)
|
Bottom of the 6th over - 2 runs, 2 hits, 1 error, 0 left on base; Madison 7 - Portland 3 |
TOP OF THE 7TH |
Madison Brewers batting - Pitching for Portland Angels : RHP Austin Reitz
|
Batting: RHB Jelani Griffin
|
0-0: Foul Ball, location: 2F 0-1: Called Strike 0-2: Ball 1-2: Foul Ball, location: 2F 1-2: Ball 2-2: Ball 3-2: Foul Ball, location: 2F 3-2: SOLO HOME RUN (Flyball, 89XD, EV 98.1 MPH), Distance : 370 ft
|
Batting: RHB Cory Taylor
|
0-0: Called Strike 0-1: Called Strike 0-2: Foul Ball, location: 2F 0-2: DOUBLE (Line Drive, 9LS, EV 93.8 MPH)
|
Batting: RHB Patrick Foote
|
0-0: Ground out 5-3 (Groundball, 56, EV 87.5 MPH)
|
Batting: LHB Danny Roberts
|
0-0: Ball 1-0: Called Strike 1-1: Called Strike 1-2: Strikes out swinging
|
Batting: RHB Dave Guevara
|
0-0: Swinging Strike 0-1: Foul Ball, location: 2F 0-2: Ball 1-2: Foul Ball, location: 2F 1-2: Fly out, F8 (Flyball, 78M, EV 80.0 MPH)
|
Top of the 7th over - 1 run, 2 hits, 0 errors, 1 left on base; Madison 8 - Portland 3 |
BOTTOM OF THE 7TH |
Portland Angels batting - Pitching for Madison Brewers : RHP Rick Acevedo
|
Batting: LHB John Harvey
|
0-0: Ground out U3 (Groundball, 34, EV 91.2 MPH)
|
Batting: LHB Matt Herndon
|
0-0: Called Strike 0-1: Ball 1-1: Swinging Strike 1-2: Foul Ball, location: 2F 1-2: Ball 2-2: Strikes out swinging
|
Pinch Hitting: LHB Lourens Aukema
|
0-0: Ball 1-0: Ball 2-0: Called Strike 2-1: Ball 3-1: Base on Balls
|
Batting: RHB Jayden Hollaway
|
0-0: Fielders Choice at 2nd, 6-4 (Groundball, 6, EV 105.0 MPH)
|
Bottom of the 7th over - 0 runs, 0 hits, 0 errors, 1 left on base; Madison 8 - Portland 3 |
TOP OF THE 8TH |
Madison Brewers batting - Pitching for Portland Angels : RHP Austin Reitz
|
Now in LF: Lourens Aukema
|
|
Now in CF: Dan Contreras
|
|
Batting: SHB Sammar Wambugu
|
0-0: Swinging Strike 0-1: Ball 1-1: Fly out, F7 (Line Drive, 7S, EV 95.0 MPH)
|
Batting: RHB Ben Follett
|
0-0: Ball 1-0: Ball 2-0: Foul Ball, location: 2F 2-1: Foul Ball, location: 2F 2-2: Ball 3-2: Base on Balls
|
Batting: LHB Jackson Wither
|
0-0: Ball 1-0: Ball 2-0: Ball 3-0: Called Strike 3-1: Called Strike Ben Follett steals 2nd base 3-2: Foul Ball, location: 2F 3-2: Base on Balls
|
Pitching: LHP Ismael Flores
|
|
Batting: LHB Bill Kovac
|
0-0: Ball 1-0: Ball 2-0: Foul Ball, location: 2F 2-1: Fly out, F9 (Line Drive, 9, EV 106.2 MPH)
|
Batting: RHB Jelani Griffin
|
0-0: Called Strike 0-1: Ball 1-1: Ball 2-1: Foul Ball, location: 2F 2-2: Ball 3-2: DOUBLE (Line Drive, 9LM, EV 101.9 MPH) Ben Follett scores Jackson Wither to third Jackson Wither scores
|
Pinch Hitting: LHB Edwin Vasquez
|
0-0: Called Strike 0-1: Ball 1-1: Ball 2-1: Ball 3-1: SINGLE (Groundball, 56, EV 101.2 MPH) (infield hit) Jelani Griffin to third
|
Batting: RHB Patrick Foote
|
0-0: Ball 1-0: Ball 2-0: Foul Ball, location: 2F 2-1: Ball 3-1: Swinging Strike 3-2: Base on Balls Edwin Vasquez to second
|
Pinch Hitting: RHB Jordan Dugue
|
0-0: Called Strike 0-1: Foul Ball, location: 2F 0-2: Ball 1-2: Foul Ball, location: 2F 1-2: Strikes out swinging
|
Top of the 8th over - 2 runs, 2 hits, 0 errors, 3 left on base; Madison 10 - Portland 3 |
BOTTOM OF THE 8TH |
Portland Angels batting - Pitching for Madison Brewers : RHP Rick Acevedo
|
Now in LF: Jordan Dugue
|
|
Now in RF: Edwin Vasquez
|
|
Pinch Hitting: RHB John Granter
|
0-0: Fly out, F8 (Flyball, 78S, EV 84.4 MPH)
|
Batting: RHB Dan Contreras
|
0-0: Called Strike 0-1: Fly out, F2 (Popup, 25F, EV 83.8 MPH)
|
Pinch Hitting: LHB Jon Rahn
|
0-0: Ground out 6-3 (Groundball, 56, EV 106.2 MPH)
|
Bottom of the 8th over - 0 runs, 0 hits, 0 errors, 0 left on base; Madison 10 - Portland 3 |
TOP OF THE 9TH |
Madison Brewers batting - Pitching for Portland Angels : LHP Ismael Flores
|
Now at 1B: Jon Rahn
|
|
Now at 3B: Jonathan Barrie
|
|
Batting: RHB Dave Guevara
|
0-0: Foul Ball, location: 2F 0-1: Ball 1-1: Ball 2-1: Swinging Strike 2-2: Strikes out looking
|
Pinch Hitting: RHB Mario Lopez
|
0-0: Ball 1-0: Called Strike 1-1: Ball 2-1: Called Strike 2-2: Ball 3-2: Base on Balls
|
Pinch Hitting: RHB Jason Hall
|
0-0: DOUBLE (Flyball, 89D, EV 103.8 MPH) Mario Lopez to third
|
Batting: LHB Jackson Wither
|
0-0: Called Strike 0-1: Foul Ball, location: 2F 0-2: Foul Ball, location: 2F 0-2: Ball 1-2: Ball 2-2: Strikes out swinging
|
Batting: LHB Bill Kovac
|
0-0: Called Strike 0-1: Called Strike 0-2: Ball 1-2: Ball 2-2: Foul Ball, location: 2F 2-2: Foul Ball, location: 2F 2-2: Ground out 4-3 (Groundball, 4, EV 101.9 MPH)
|
Top of the 9th over - 0 runs, 1 hit, 0 errors, 2 left on base; Madison 10 - Portland 3 |
BOTTOM OF THE 9TH |
Portland Angels batting - Pitching for Madison Brewers : RHP Rick Acevedo
|
Now at 1B: Mario Lopez
|
|
Now in CF: Todd Massad
|
|
Batting: RHB Jose Garduno
|
0-0: Ball 1-0: Foul Ball, location: 2F 1-1: Ball 2-1: Ball 3-1: Base on Balls
|
Pinch Hitting: RHB Joe Keough
|
0-0: Called Strike 0-1: Swinging Strike 0-2: Ball 1-2: Strikes out looking
|
Pinch Hitting: RHB Esteban Rangel
|
0-0: Ball 1-0: Ball 2-0: Called Strike 2-1: Ball 3-1: Called Strike 3-2: DOUBLE (Line Drive, 9LM, EV 110.6 MPH) Jose Garduno to third
|
Pinch Hitting: LHB Miguel Hernandez
|
0-0: Ball 1-0: Fly out, F8 (Flyball, 8LD, EV 100.6 MPH) Runner from 3rd tags up, SCORES, no throw by CF
|
Batting: LHB Lourens Aukema
|
0-0: Called Strike 0-1: Fly out, F9 (Flyball, 89S, EV 92.5 MPH)
|
Bottom of the 9th over - 1 run, 1 hit, 0 errors, 1 left on base; Madison 10 - Portland 4 |
|